 Dungeon Crawl Stone Soup version 0.31.0-11-ge490571c62 (webtiles) character file.

Game seed: 15202506120442969416

1432 James the Poker (level 8, -1/80 HPs)
             Began as an Oni Necromancer on Feb 10, 2024.
             Was a Follower of Kikubaaqudgha.
             Slain by a troll (11 damage)
             ... on level 7 of the Dungeon.
             The game lasted 00:21:41 (6962 turns).

James the Poker (Oni Necromancer)                   Turns: 6962, Time: 00:21:42

Health: -1/80      AC:  4    Str: 19    XL:     8   Next: 73%
Magic:  10/17      EV: 10    Int: 18    God:    Kikubaaqudgha [*.....]
Gold:   426        SH:  0    Dex: 15    Spells: 8/19 levels left

rFire   + . .        a - +3 spear
rCold   . . .        (no shield)
rNeg    . . .        d - +0 robe
rPois   .            (helmet restricted)
rElec   .            s - +0 cloak
rCorr   .            (gloves unavailable)
SInv    .            (boots unavailable)
Will    +....        (no amulet)
Stlth   ++           u - ring "Bekonn" {rF+ Will+ Dex+6}
HPRegen 0.33/turn    p - +6 ring of strength
MPRegen 0.15/turn

%: no passive effects
@: animating dead
A: large, unfitting armour, horns 1, tough skin 1, double potion healing,
drunken brawling
a: Renounce Religion, Unearth Wretches


You were on level 7 of the Dungeon.
You worshipped Kikubaaqudgha.
Kikubaaqudgha was aware of your devotion.
You visited 2 branches of the dungeon, and saw 8 of its levels.

You collected 426 gold pieces.

Inventory:

Hand Weapons
 a - a +3 spear (weapon)
   (You took it off a gnoll on level 4 of the Dungeon)
 l - a +0 sling
   (You found it on level 5 of the Dungeon)
 y - a +1 quarterstaff
   (You found it on level 3 of the Dungeon)
 A - a +0 halberd
   (You took it off a gnoll on level 4 of the Dungeon)
Missiles
 h - 31 stones
 m - 4 boomerangs
 C - a throwing net {!f}
Armour
 b - a +0 robe
   (You found it on level 5 of the Dungeon)
 d - a +0 robe (worn)
 s - a +0 cloak (worn)
   (You found it on level 3 of the Dungeon)
 w - a +0 robe
   (You took it off an orc wizard on level 5 of the Dungeon)
Magical Staves
 o - a staff of alchemy
   (You found it on level 2 of the Dungeon)
Jewellery
 p - a +6 ring of strength (right hand)
   (You found it on level 2 of the Dungeon)
 r - a +6 ring of dexterity
   (You found it on level 2 of the Dungeon)
 u - the ring "Bekonn" (left hand) {rF+ Will+ Dex+6}
   (You acquired it on level 4 of the Dungeon)

   [ring of willpower]

   Dex+6:     It affects your dexterity (+6).
   rF+:       It protects you from fire.
   Will+:     It increases your willpower.
 z - a ring of see invisible
   (You found it on level 5 of the Dungeon)
Talismans
 q - a flux talisman
   (You found it on level 4 of the Dungeon)
Wands
 t - a wand of flame (7)
   (You found it on level 4 of the Dungeon)
 D - a wand of charming (3)
   (You found it on level 6 of the Dungeon)
Scrolls
 c - a scroll of fear
 i - 4 scrolls of teleportation {@r4}
Potions
 e - a potion of magic
 f - 2 potions of heal wounds {@q2}
 g - a potion of lignification {unknown}
 j - 2 potions of brilliance
 k - a potion of invisibility {unknown}
 n - 2 potions of curing {unknown}
 v - a potion of resistance {unknown}
 x - a potion of mutation {unknown}
 B - a potion of might
 E - 3 potions of haste {@q3}


   Skills:
 + Level 5.0 Fighting
 * Level 7.2 Polearms
 - Level 2.0 Dodging
 - Level 1.4 Stealth
 - Level 6.0 Spellcasting
 - Level 5.0 Necromancy


You had 8 spell levels left.
You knew the following spells:

 Your Spells              Type           Power      Damage    Failure   Level
a - Necrotise             Necr           92%        1d8       1%          1
b - Fugue of the Fallen   Necr           23%        N/A       4%          3
q - Vampiric Draining     Necr           23%        2d7       4%          3
u - Animate Dead          Necr           23%        N/A       16%         4

Your spell library contained the following spells:

 Spells                   Type           Power      Damage    Failure   Level
 Sublimation of Blood     Necr           23%        N/A       2%          2
 Kiss of Death            Conj/Necr      56%        2d9       4%          1
 Tukima's Dance           Hex            5%         N/A       34%         3
 Volatile Blastmotes      Fire/Tloc      10%        2d10      34%         3
 Curse of Agony           Necr           23%        N/A       38%         5
 Dimensional Bullseye     Hex/Tloc       2%         N/A       75%         4
 Fulminant Prism          Conj/Alch      2%         3d5       75%         4
 Iskenderun's Mystic Bla  Conj/Tloc      5%         2d3       75%         4


Dungeon Overview and Level Annotations

Branches:
Dungeon (7/15)             Temple (1/1) D:4

Altars:
Ashenzari
Cheibriados
Dithmenos
Elyvilon
Fedhas
Gozag
Hepliaklqana
Kikubaaqudgha
Makhleb
Nemelex Xobeh
Okawaru
Qazlal
Sif Muna
Trog
Wu Jian
Xom
Zin
The Shining One

Annotations:
D:2 1 runed translucent door, exclusion: 4 doors, Crazy Yiuf, Sigmund
D:5 Grinder


Innate Abilities, Weirdness & Mutations

You are too large for most types of armour.
You have a pair of small horns on your head.
You have tough skin. (AC +1)
You gain doubled healing and magic from potions.
Whenever you drink a healing potion, you attack all around you.


Message History

Your jelly zombie barely misses Prince Ribbit.
Your gnoll zombie barely misses the gnoll.
Prince Ribbit hits you but does no damage.
You puncture Prince Ribbit!
Your killer bee zombie hits the troll.
The troll bites your killer bee zombie.
The troll barely misses your killer bee zombie. x2
The gnoll barely misses you.
Your jelly zombie barely misses Prince Ribbit.
Prince Ribbit hits you!
* * * LOW HITPOINT WARNING * * *
You hit Prince Ribbit. Your headbutt misses Prince Ribbit.
Your hornet barely misses Prince Ribbit.
Your killer bee zombie hits the troll.
Your gnoll zombie hits the gnoll.
Prince Ribbit croaks regally.
Prince Ribbit hits you.
* * * LOW HITPOINT WARNING * * *
Unknown command.
You miss Prince Ribbit. Your headbutt misses Prince Ribbit.
Your punch misses Prince Ribbit. Your hornet misses Prince Ribbit.
Your killer bee zombie closely misses the troll.
The troll barely misses your killer bee zombie.
The troll claws your killer bee zombie.
Your killer bee zombie is destroyed!
The gnoll hits you but does no damage.
Your jelly zombie completely misses Prince Ribbit.
Prince Ribbit hits you.
* * * LOW HITPOINT WARNING * * *
Your gnoll zombie hits the gnoll.
Your hornet completely misses Prince Ribbit.
Unknown command.
You hit Prince Ribbit.
You kill Prince Ribbit!
Kikubaaqudgha accepts your kill.
The dead are hopping!
The gnoll hits you from afar with a +0 spear.
* * * LOW HITPOINT WARNING * * *
Your hornet stings the gnoll!
The gnoll dies!
Kikubaaqudgha accepts your kill.
Training target 6.0 for Spellcasting reached!
Your Fighting skill increases to level 5!
Your Polearms skill increases to level 7!
Your Spellcasting skill increases to level 6!
Unknown command.
Found a flail.
Your hornet barely misses the troll.
The troll attacks as it pursues you! The troll bites you!
* * * LOW HITPOINT WARNING * * *
The troll barely misses you. The troll claws you!
You die...
Kikubaaqudgha rasps: "You have failed me!
Welcome... death!"

..... .#....## #
........ .
#.....# #.
#.....#
#.##......#
>###...#.....#..
.......<......#
......Z@T.f..##
.....!.Zy)......
.........).).##.
........Z....#
.............#
.....$...###..#
........## ...#
).......# ###


You could see a troll (ally target), a sleepcap, a friendly hornet (charmed), a
friendly jelly zombie, a friendly gnoll zombie and the friendly Prince Ribbit
the human zombie.

Vanquished Creatures
  Prince Ribbit (D:7)
  A shadow (D:6)
  Menkaure (D:5)
  A sky beast (D:5)
  An ogre (D:4)
  A phantom (D:5)
  A scorpion (D:4)
  A killer bee (D:7)
  An electric eel (D:6)
  A hound (D:5)
  A jelly (D:7)
  4 iguanas
  An orc wizard (D:5)
  A sleepcap (D:3)
  6 adders
  6 gnolls
  2 shadow imps
  A white imp (D:6)
  4 ufetubi (D:6)
  2 ribbon worms
  2 dart slugs (D:1)
  11 orcs
  3 bats (D:1)
  4 endoplasms
  3 giant cockroaches
  5 goblins
  3 hobgoblins
  2 jackals (D:1)
  5 kobolds
  2 quokkas
  2 ball pythons
  2 frilled lizards (D:1)
  3 rats
85 creatures vanquished.

Vanquished Creatures (collateral kills)
  A bullfrog (D:7)
  A gnoll sergeant (D:7)
  2 gnolls (D:7)
4 creatures vanquished.

Vanquished Creatures (others)
  A killer bee zombie (D:7)
  A gnoll zombie (D:7)
  An orc zombie (D:7)
3 creatures vanquished.

Grand Total: 92 creatures vanquished

Notes
Turn   | Place    | Note
-------+----------+-------------------------------------------
     0 | D:1      | James the Oni Necromancer began the quest for the Orb.
     0 | D:1      | Reached XP level 1. HP: 16/16 MP: 3/3
   182 | D:1      | Reached XP level 2. HP: 26/26 MP: 2/5
   256 | D:1      | Reached skill level 1 in Fighting
   731 | D:1      | Reached XP level 3. HP: 27/33 MP: 7/7
   735 | D:1      | Learned a level 3 spell: Vampiric Draining
  1077 | D:2      | Noticed Sigmund
  1416 | D:2      | Found a runed translucent door.
  1417 | D:2      | Noticed Crazy Yiuf
  1732 | D:3      | Found a shimmering altar of Xom.
  1732 | D:3      | Found an ornate altar of the Wu Jian Council.
  2442 | D:3      | Found an opulent altar of Gozag.
  2443 | D:3      | Found a broken altar of Ashenzari.
  2445 | D:3      | Found a snail-covered altar of Cheibriados.
  2603 | D:3      | Reached XP level 4. HP: 39/42 MP: 10/10
  2608 | D:3      | Learned a level 4 spell: Animate Dead
  3078 | D:4      | Identified a scroll of acquirement
  3162 | D:4      | Noticed an ogre
  3571 | D:4      | Found a staircase to the Ecumenical Temple.
  3572 | D:4      | Noticed a scorpion
  3581 | Temple   | Entered the Ecumenical Temple
  3592 | Temple   | Became a worshipper of Kikubaaqudgha
  3608 | D:4      | Killed a scorpion
  3609 | D:4      | Reached XP level 5. HP: 43/53 MP: 1/12
  4090 | D:4      | Reached skill level 5 in Spellcasting
  4108 | D:4      | Reached skill level 1 in Polearms
  4108 | D:4      | Reached XP level 6. HP: 43/61 MP: 8/13
  4188 | D:4      | Reached skill level 2 in Polearms
  4310 | D:4      | Found a staircase to the Ecumenical Temple.
  4716 | D:5      | Entered Level 5 of the Dungeon
  4888 | D:5      | Reached skill level 3 in Polearms
  4947 | D:5      | Noticed Menkaure
  5108 | D:5      | Killed Menkaure
  5109 | D:5      | Reached skill level 4 in Polearms
  5109 | D:5      | Reached XP level 7. HP: 19/67 MP: 5/14
  5430 | D:5      | Reached skill level 5 in Polearms
  5749 | D:5      | Noticed Grinder
  5862 | D:6      | Acquired the ring "Bekonn" {rF+ Will+ Dex+6}
  6135 | D:6      | Noticed a shadow
  6136 | D:6      | Reached * piety under Kikubaaqudgha
  6136 | D:6      | Received a gift from Kikubaaqudgha
  6145 | D:6      | Killed a shadow
  6146 | D:6      | Reached XP level 8. HP: 58/78 MP: 14/16
  6150 | D:6      | Learned a level 3 spell: Fugue of the Fallen
  6229 | D:6      | Reached skill level 6 in Polearms
  6935 | D:7      | Noticed Prince Ribbit
  6935 | D:7      | Noticed a hornet
  6945 | D:7      | Reached skill level 5 in Necromancy
  6949 | D:7      | Noticed a troll
  6961 | D:7      | Killed Prince Ribbit
  6962 | D:7      | Reached skill level 5 in Fighting
  6962 | D:7      | Reached skill level 7 in Polearms
  6962 | D:7      | Slain by a troll

Illustrated notes

Levels and vault maps discovered:
D:1:      hellmonk_arrival_library, layout_basic
D:2:      layout_rooms, minmay_gold_behind_fungi, minmay_fountain_box,
          uniq_crazy_yiuf_cottage, uniq_sigmund
D:3:      layout_basic, chequers_temple_overflow_statue_of_worship,
          jmf_multi_god_temple
D:4:      layout_basic, minmay_temple_entry_waves
D:5:      layout_basic, grunt_decor_arrowhead, uniq_menkaure, uniq_grinder
D:6:      layout_basic, nrook_pool_corridor
D:7:      layout_cave_pools, minmay_ruined_shrine, uniq_prince_ribbit1,
          uniq_maurice
Temple:   cyrus_circular_temple

Skill      XL: |  1  2  3  4  5  6  7  8 |
---------------+-------------------------+-----
Fighting       | 1 2 3 4 5 |  5.0
Spellcasting   | 3 4 5 6 |  6.0
Necromancy     | 4 5 |  5.0
Polearms       | 1 4 5 7 |  7.2
Dodging        | 2 |  2.0
Stealth        | |  1.4

Action                     |  1- 3 |  4- 6 |  7- 9 || total
---------------------------+-------+-------+-------++-------
  Melee: Dagger            |    30 |       |       ||    30
         Short sword       |    49 |       |       ||    49
         Headbutt          |    19 |    14 |    13 ||    46
         Quarterstaff      |    17 |    24 |       ||    41
         Spear             |       |    40 |    99 ||   139
   Cast: Necrotise         |    18 |     5 |       ||    23
         Vampiric Draining |     2 |    12 |     6 ||    20
         Animate Dead      |       |       |     1 ||     1
         Fugue of the Fall |       |       |     1 ||     1
  Evoke: Wand              |       |     1 |     2 ||     3
    Use: Scroll            |       |    11 |     3 ||    14
   Stab: Sleeping          |     1 |     2 |       ||     3
         Paralysed         |       |       |     1 ||     1
 Armour: Robe              |    68 |    43 |    84 ||   195
  Dodge: Dodged            |    48 |    32 |    46 ||   126
